 Dungeon Crawl Stone Soup version 0.28.0-53-g5a82cb258f (webtiles) character file.

Game seed: 16857755650446278716

41626 MiltankisOP the Devastator (level 14, 0/80 HPs)
             Began as a Tengu Air Elementalist on June 14, 2022.
             Was a High Priest of Vehumet.
             Engulfed by a cloud of flame (21 damage)
             ... on level 6 of the Lair of Beasts on June 15, 2022.
             The game lasted 01:47:49 (25036 turns).

MiltankisOP the Devastator (TeAE)                  Turns: 25036, Time: 01:47:50

Health: 0/80       AC: 10    Str:  9    XL:     14   Next: 16%
Magic:  2/31       EV: 18    Int: 25    God:    Vehumet [*****.]
Gold:   1133       SH:  0    Dex: 14    Spells: 6/37 levels left

rFire   . . .      SeeInvis .   s - +5 hand axe of Xiluil Wipt {vorpal, rN+ rCorr Dex-2}
rCold   . . .      Faith    .   (no shield)
rNeg    + . .      Spirit   .   M - +0 troll leather armour
rPois   .          Reflect  .   (helmet restricted)
rElec   .          Harm     .   c - +0 cloak
rCorr   +          Rampage  .   y - +0 pair of gloves
Will    +....                   (boots unavailable)
Stlth   ++........              (no amulet)
HPRegen 1.03/turn               m - +4 ring of protection
MPRegen 0.22/turn               r - +6 ring of intelligence

@: flying quickly and evasively, quick
A: beak, talons 3, nimble flight
a: Renounce Religion


You were on level 6 of the Lair of Beasts.
You worshipped Vehumet.
Vehumet was extremely pleased with you.
You visited 3 branches of the dungeon, and saw 18 of its levels.
You also visited: Ossuary and Bailey.

You collected 1133 gold pieces.

Inventory:

Hand Weapons
 s - the +5 hand axe of Xiluil Wipt (weapon) {vorpal, rN+ rCorr Dex-2}
   (You found it on level 8 of the Dungeon)

   It inflicts extra damage upon your enemies.
   Dex:       It affects your dexterity (-2).
   rN:        It protects you from negative energy.
   rCorr:     It protects you from acid and corrosion.
 J - the +4 hand axe of Rijastid {elec, Will++ Dex+4}
   (You found it on level 9 of the Dungeon)

   It occasionally discharges a powerful burst of electricity upon striking a
   foe.
   Dex:       It affects your dexterity (+4).
   Will:      It greatly increases your willpower.
 L - the +1 long sword "Qeahy" {pain, Fragile rF+++ rN++ SInv}
   (You found it on level 9 of the Dungeon)

   In the hands of one skilled in necromantic magic, it inflicts extra damage on
   living creatures.
   rF:        It renders you almost immune to fire.
   rN:        It greatly protects you from negative energy.
   SInv:      It lets you see invisible.
   Fragile:   It will be destroyed if unequipped.
Armour
 a - a +0 robe
 c - a +0 cloak (worn)
 y - a +0 pair of gloves (worn)
 M - a +0 troll leather armour (worn)
Jewellery
 g - a +4 ring of slaying
 m - a +4 ring of protection (left hand)
 q - a ring of willpower
 r - a +6 ring of intelligence (right hand)
 A - a ring of resist corrosion
 K - a ring of positive energy
 N - a ring of protection from cold
 P - an amulet of guardian spirit
 R - a ring of fire
Wands
 t - a wand of iceblast (17)
 w - a wand of acid (2)
 x - a wand of polymorph (8)
 D - a wand of mindburst (22)
 O - a wand of flame (21)
Scrolls
 e - 3 scrolls of magic mapping
 f - 3 scrolls of teleportation
 j - a scroll of enchant weapon {unknown}
 l - 2 scrolls of vulnerability
 C - 5 scrolls of enchant armour
 F - 2 scrolls of blinking {unknown}
 G - a scroll of brand weapon
 H - a scroll of summoning {unknown}
 I - 2 scrolls of amnesia
 Q - 4 scrolls of identify
 T - a scroll of fear
 U - 2 scrolls of fog
 V - a scroll of silence {unknown}
 W - a scroll of immolation {unknown}
 X - a scroll of holy word
Potions
 b - 5 potions of lignification
 d - 2 potions of flight
 h - 8 potions of brilliance
 i - 5 potions of heal wounds
 k - 9 potions of attraction
 n - 5 potions of cancellation
 o - 4 potions of ambrosia
 p - 3 potions of might
 u - 4 potions of curing
 v - 3 potions of degeneration
 z - 4 potions of resistance
 B - 3 potions of mutation
 E - 3 potions of haste
 S - a potion of magic {unknown}


   Skills:
 - Level 6.0 Fighting
 - Level 9.0 Dodging
 - Level 2.0 Stealth
 - Level 12.0 Spellcasting
 + Level 17.5 Conjurations
 - Level 4.0 Fire Magic
 - Level 15.1 Air Magic


You had 6 spell levels left.
You knew the following spells:

 Your Spells              Type           Power      Damage    Failure   Level
a - Shock                 Conj/Air       100%       1d9       0%          1
b - Swiftness             Air            74%        N/A       1%          3
c - Airstrike             Air            37%        N/A       1%          4
d - Conjure Ball Lightni  Conj/Air       38%        3x3d12    1%          6
e - Iskenderun's Battles  Conj           80%        2d13      1%          5
f - Fireball              Conj/Fire      31%        3d13      1%          5
g - Orb of Destruction    Conj           40%        9d11      1%          7

Your spell library contained the following spells:

 Spells                   Type           Power      Damage    Failure   Level
 Lightning Bolt           Conj/Air       38%        1d57      1%          5
 Static Discharge         Conj/Air       77%        N/A       0%          2
 Dazzling Flash           Conj/Hex       100%       N/A       1%          3
 Stone Arrow              Conj/Erth      100%       3d13      1%          3
 Silence                  Hex/Air        26%        N/A       7%          5
 Ensorcelled Hibernation  Hex/Ice        30%        N/A       9%          2
 Passwall                 Tmut/Erth      12%        N/A       9%          2
 Gell's Gravitas          Tloc           15%        N/A       17%         3
 Teleport Other           Tloc           15%        N/A       17%         3
 Animate Armour           Summ/Erth      30%        N/A       50%         4
 Petrify                  Tmut/Erth      15%        N/A       50%         4
 Agony                    Necr           15%        N/A       83%         5
 Dispersal                Tloc           7%         N/A       100%        6
 Malign Gateway           Summ/Tloc      7%         N/A       100%        7
 Summon Horrible Things   Summ           7%         N/A       100%        8


Dungeon Overview and Level Annotations

Branches:
Dungeon (11/15)            Temple (1/1) D:5            Lair (6/6) D:10
 Shoals (0/4) Lair:3       Spider (0/4) Lair:2        Slime (0/5) Lair:5
Ossuary (visited)          Bailey (visited)
    Orc: D:9-12

Altars:
Ashenzari
Okawaru
Qazlal
Ru
Sif Muna
Trog
Vehumet

Shops:
D:2 *::(   D:7 *   D:11 :*

Annotations:
Lair:1 exclusion: orange crystal statue
Lair:4 1 runed translucent door, KittyFluff's ghost, journeyman GrBe


Innate Abilities, Weirdness & Mutations

You have a beak for a mouth.
You have claws for feet.
Your magical nature lets you fly swiftly and evasively.


Message History

The yak bellows! x2 2 yaks and a water moccasin come into view.
The yak bellows! x2; The water moccasin hisses angrily.
Read: 2 scrolls of fear
Press: ? - help, Q - select action, (/) - cycle Dir - look around, f - activate Look: a komodo dragon (chance to affect: 90%)
As you read the scroll of fear, it crumbles to dust.
You assume a fearsome visage.
The yak looks frightened! x5; The water moccasin looks frightened!
The komodo dragon looks frightened!
Casting: Airstrike (safe; 1% risk of failure)
Confirm with . or Enter, or press ? or * to list all spells.
Aiming: Airstrike (safe; 1% risk of failure)
Press: ? - help, Dir - move target, f - fire crab
Aim: a fire crab (heavily wounded, wandering, hasn't noticed you, empty space bonus: 8/8)
The air twists around and strikes the fire crab!
The fire crab is severely wounded.
Casting: Airstrike (safe; 1% risk of failure)
Confirm with . or Enter, or press ? or * to list all spells.
Aiming: Airstrike (safe; 1% risk of failure)
Press: ? - help, Dir - move target, f/p - fire crab
Aim: a fire crab (severely wounded, empty space bonus: 8/8)
The air twists around and strikes the fire crab!
The fire crab is almost dead.
The fire crab breathes flames at you. The blast of flame engulfs you!
Casting: Airstrike (safe; 1% risk of failure)
Confirm with . or Enter, or press ? or * to list all spells.
Aiming: Airstrike (safe; 1% risk of failure)
Press: ? - help, Dir - move target, f/p - fire crab
Aim: a fire crab (almost dead, empty space bonus: 8/8)
The air twists around and strikes the fire crab!!
You kill the fire crab!
Vehumet accepts your kill.
You are engulfed in blazing flames.
* * * LOW HITPOINT WARNING * * *
The plant is engulfed in blazing flames.
The plant begins to die.
The yak seems to regain its courage.
You are engulfed in blazing flames.
You die...

............###
..............##
l..............# ##
...<...........###..
....................
.........†..........
.......Y..°......... .....
# ...##.....○...P.#..
....### .#.#...##..○@°###
##....#. #..#
#..°°°########.....##
.....#..°°P##.....##...#.#
#..........P##...l.....##.
....#...........P.P...##.
....#.......##...........
... #..)....##.##.....P#P
## #.YS....#............
....Y.Y..............#


You could see 2 yaks and a water moccasin.

Vanquished Creatures
  4 hydras
  2 vault guards (Bailey)
  Erica (D:10)
  The ghost of MiltankisOP the Transmogrifier, a journeyman DrTm of Hepliaklqana (Lair:1)
  2 two-headed ogres
  A catoblepas (Lair:3)
  Sonja (D:11)
  A fire crab (Lair:6)
  Pikel (D:5)
  4 cyclopes
  An elephant (D:10)
  A merfolk siren (Lair:3)
  2 centaur zombies (D:10)
  A torpor snail (Lair:5)
  4 black mambas
  6 cane toads
  2 kobold demonologists (D:11)
  8 komodo dragons
  Psyche (D:11)
  5 rime drakes
  A troll (D:10)
  3 hornets
  Grinder (D:4)
  2 polar bears
  Prince Ribbit (Bailey)
  A meliai zombie (D:9)
  5 dream sheep (Lair:4)
  12 blink frogs
  3 jumping spiders (Lair:2)
  A shadow (D:11)
  A vampire (D:11)
  A wraith (D:10)
  A culicivora (Lair:2)
  2 wyverns
  5 humans (Bailey)
  5 basilisks
  46 yaks
  5 vampire mosquitoes (D:11)
  3 redbacks (Lair:2)
  9 water moccasins
  8 orc warriors
  2 ogres (D:5)
  4 black bears
  A centaur (D:6)
  A black mamba simulacrum (Lair:1)
  2 necrophages
  19 wolves
  A phantom (D:6)
  3 kobold brigands
  2 lemures
  17 bullfrogs
  A wyvern zombie (D:6)
  2 water moccasin zombies (Ossuary)
  3 scorpions
  A cane toad simulacrum (Lair:1)
  A wyvern skeleton (D:7)
  2 water moccasin skeletons
  A killer bee (D:10)
  An elephant simulacrum (Lair:1)
  5 electric eels
  A howler monkey (D:9)
  8 wights
  A rime drake simulacrum (Lair:1)
  A wyvern simulacrum (Lair:1)
  2 gnoll shamans (D:7)
  A bullfrog zombie (D:5)
  5 hounds
  3 jellies (Lair:5)
  8 orc priests
  2 centaur skeletons (D:5)
  A bullfrog skeleton (D:5)
  10 orc wizards
  Natasha (thrice) (D:4)
  2 hell rats (Lair:3)
  A killer bee zombie (D:7)
  2 mummies (Ossuary)
  A howler monkey zombie (D:9)
  11 gnolls
  5 river rats (Lair:3)
  6 adders
  A shadow imp (D:5)
  A white imp (D:6)
  4 adder zombies (Ossuary)
  4 worms
  3 dart slugs
  31 orcs
  9 ball pythons
  9 bats
  11 endoplasms
  2 giant cockroaches (D:3)
  2 gnoll zombies (Ossuary)
  9 goblins
  10 hobgoblins
  2 jackals (D:2)
  15 kobolds
  3 quokkas
  5 frilled lizards
  7 hobgoblin zombies (Ossuary)
  5 kobold zombies (Ossuary)
  8 orc zombies (Ossuary)
  11 rats
460 creatures vanquished.

Vanquished Creatures (collateral kills)
  2 ball lightnings
2 creatures vanquished.

Vanquished Creatures (others)
  41 ball lightnings
  31 fungi
  16 plants
88 creatures vanquished.

Grand Total: 550 creatures vanquished

Notes
Turn   | Place    | Note
-------+----------+-------------------------------------------
     0 | D:1      | MiltankisOP the Tengu Air Elementalist began the quest for
                  | the Orb.
     0 | D:1      | Reached XP level 1. HP: 10/10 MP: 4/4
   101 | D:1      | Reached skill level 2 in Conjurations
   183 | D:1      | Reached XP level 2. HP: 15/15 MP: 4/6
   677 | D:1      | Reached XP level 3. HP: 19/19 MP: 5/7
   864 | D:1      | Reached skill level 3 in Conjurations
  1271 | D:2      | Reached skill level 5 in Air Magic
  1759 | D:2      | Found a faded altar of an unknown god.
  1859 | D:2      | Found Naesig's Book Shoppe.
  1880 | D:2      | Found Puturubb's Book Boutique.
  1902 | D:2      | Reached XP level 4. HP: 10/24 MP: 0/8
  2349 | D:2      | Learned a level 3 spell: Swiftness
  2586 | D:2      | Found Cuzaitwy's Antique Weapon Shop.
  2757 | D:2      | Found Hoqumom's Assorted Antiques.
  4019 | D:3      | Gained mutation: Your magical nature lets you fly swiftly
                  | and evasively. [Tengu growth]
  4019 | D:3      | Reached XP level 5. HP: 28/28 MP: 7/9
  4320 | D:4      | Noticed Natasha
  4322 | D:4      | Killed Natasha
  4359 | D:4      | Noticed a necrophage
  4369 | D:4      | Killed a necrophage
  4370 | D:4      | Reached XP level 6. HP: 24/32 MP: 2/10
  4456 | D:4      | Noticed Natasha
  4464 | D:4      | Killed Natasha
  4940 | D:4      | Noticed Grinder
  5010 | D:4      | Killed Grinder
  5011 | D:4      | Reached XP level 7. HP: 19/36 MP: 3/11
  5184 | D:4      | Noticed Natasha
  5194 | D:4      | Killed Natasha
  5195 | D:4      | Reached skill level 10 in Air Magic
  5489 | D:4      | Learned a level 4 spell: Airstrike
  5611 | D:5      | Entered Level 5 of the Dungeon
  5621 | D:5      | Noticed Pikel
  6256 | D:5      | Killed Pikel
  6257 | D:5      | Reached skill level 5 in Spellcasting
  6257 | D:5      | Reached XP level 8. HP: 41/41 MP: 0/17
  6427 | D:5      | Found a staircase to the Ecumenical Temple.
  6455 | Temple   | Entered the Ecumenical Temple
  6461 | Temple   | Became a worshipper of Vehumet
  7090 | D:5      | Reached XP level 9. HP: 46/46 MP: 7/20
  7482 | D:6      | Reached skill level 1 in Fighting
  8087 | D:6      | Found a sand-covered staircase.
  8094 | Ossuary  | Entered an ossuary
  8097 | Ossuary  | Reached * piety under Vehumet
  8097 | Ossuary  | Offered knowledge of Freeze by Vehumet.
  9105 | D:6      | Reached ** piety under Vehumet
  9295 | D:7      | Offered knowledge of Searing Ray by Vehumet.
  9296 | D:7      | Reached skill level 5 in Dodging
  9904 | D:7      | Reached skill level 5 in Fighting
  9915 | D:7      | Reached XP level 10. HP: 38/60 MP: 9/21
 10307 | D:7      | Found a shimmering blue altar of Sif Muna.
 10307 | D:7      | Found a stormy altar of Qazlal.
 10358 | D:7      | Found Cineoll's Serpentskin Sales.
 10359 | D:7      | Offered knowledge of Inner Flame by Vehumet.
 10446 | D:8      | Found a flagged portal.
 10456 | D:8      | Identified the +5 hand axe of Xiluil Wipt {vorpal, rN+
                  | rCorr Dex-2}
 10549 | Bailey   | Entered a bailey
 10880 | Bailey   | Reached *** piety under Vehumet
 11145 | Bailey   | Noticed Prince Ribbit
 11145 | Bailey   | Noticed a vault guard
 11165 | Bailey   | Killed a vault guard
 11185 | Bailey   | Killed Prince Ribbit
 11186 | Bailey   | Reached skill level 15 in Air Magic
 11322 | Bailey   | Noticed a vault guard
 11391 | Bailey   | Killed a vault guard
 11392 | Bailey   | Reached skill level 6 in Conjurations
 11392 | Bailey   | Reached XP level 11. HP: 64/64 MP: 13/22
 11882 | D:8      | Offered knowledge of Hailstorm by Vehumet.
 11883 | D:8      | Reached skill level 7 in Conjurations
 12294 | D:9      | Reached skill level 8 in Conjurations
 12664 | D:9      | Noticed a two-headed ogre
 12689 | D:9      | Killed a two-headed ogre
 12866 | D:9      | Identified the +4 hand axe of Rijastid {elec, Will++ Dex+4}
 13061 | D:9      | Identified the +1 long sword "Qeahy" {pain, Fragile rF+++
                  | rN++ SInv}
 13143 | D:10     | Entered Level 10 of the Dungeon
 13189 | D:10     | Noticed a cyclops
 13189 | D:10     | Noticed a cyclops
 13623 | D:10     | Found a staircase to the Lair.
 13834 | D:10     | Learned a level 6 spell: Conjure Ball Lightning
 13840 | D:10     | Learned a level 5 spell: Iskenderun's Battlesphere
 13846 | D:10     | Learned a level 5 spell: Fireball
 13904 | D:10     | Got Ikhoh's Grimoire of Clay
 14399 | D:10     | Reached **** piety under Vehumet
 14429 | D:10     | Reached skill level 1 in Fire Magic
 14956 | D:10     | Noticed Erica
 14964 | D:10     | Killed Erica
 14965 | D:10     | Reached skill level 9 in Conjurations
 15222 | D:10     | Killed a cyclops
 15231 | D:10     | Killed a cyclops
 15232 | D:10     | Reached skill level 10 in Conjurations
 15399 | D:11     | Found Maenwer's Book Shoppe.
 15425 | D:11     | Noticed a cyclops
 15432 | D:11     | Killed a cyclops
 15433 | D:11     | Reached XP level 12. HP: 70/70 MP: 8/23
 15728 | D:11     | Reached skill level 11 in Conjurations
 15846 | D:11     | Offered knowledge of Mephitic Cloud by Vehumet.
 15969 | D:11     | Found Kaevvego's CLEARANCE SALE!.
 16060 | D:11     | Noticed Sonja
 16063 | D:11     | Killed Sonja
 16177 | D:11     | Noticed a two-headed ogre
 16190 | D:11     | Killed a two-headed ogre
 16191 | D:11     | Reached skill level 12 in Conjurations
 16271 | D:11     | Noticed a six-headed hydra
 16286 | D:11     | Killed a six-headed hydra
 16363 | D:11     | Noticed Psyche
 16687 | D:11     | Reached skill level 13 in Conjurations
 16774 | D:11     | Killed Psyche
 17205 | Lair:1   | Entered Level 1 of the Lair of Beasts
 17433 | Lair:1   | Found a runed translucent gate.
 17434 | Lair:1   | Found a runed translucent gate.
 17436 | Lair:1   | Found a runed translucent gate.
 18181 | Lair:1   | Noticed MiltankisOP's ghost (journeyman DrTm)
 19067 | Lair:1   | Killed MiltankisOP's ghost
 19068 | Lair:1   | Reached skill level 10 in Spellcasting
 19287 | Lair:2   | Reached XP level 13. HP: 74/74 MP: 13/28
 19287 | Lair:2   | Found a hole to the Spider Nest.
 19289 | Lair:2   | Reached ***** piety under Vehumet
 19289 | Lair:2   | Offered knowledge of Lee's Rapid Deconstruction by Vehumet.
 21232 | Lair:3   | Found a staircase to the Shoals.
 21335 | Lair:3   | Reached skill level 14 in Conjurations
 22351 | Lair:4   | Reached skill level 15 in Conjurations
 22354 | Lair:4   | Offered knowledge of Lightning Bolt by Vehumet.
 22626 | Lair:4   | Found a runed translucent door.
 22940 | Lair:4   | Noticed KittyFluff's ghost (journeyman GrBe)
 23493 | Lair:5   | Reached skill level 16 in Conjurations
 24032 | Lair:5   | Found a staircase to the Slime Pits.
 24164 | Lair:5   | Reached XP level 14. HP: 80/80 MP: 16/31
 24172 | Lair:5   | Learned a level 7 spell: Orb of Destruction
 24513 | Lair:6   | Entered Level 6 of the Lair of Beasts
 24647 | Lair:5   | Reached skill level 17 in Conjurations
 25036 | Lair:6   | Engulfed by a cloud of flame

Illustrated notes

Levels and vault maps discovered:
D:1:      eino_arrival_druids_welcome, layout_basic
D:2:      layout_basic, hellmonk_ecumenical_altar_zigzags, serial_shops, shop,
          nicolae_lakefront_shop, nicolae_shop_statue_plus, shop, minivault_26,
          kennysheep_generic_room_4
D:3:      layout_basic
D:4:      layout_basic, amcnicky_mini_corridor_feature, uniq_grinder,
          uniq_natasha
D:5:      layout_basic, minmay_temple_entry_mist, moated_statue, uniq_pikel
D:6:      layout_gridville, lightli_ossuary_entry_decrepit_ruins
D:7:      layout_loops_ring, gammafunk_temple_overflow_pools,
          grunt_ministairs_10, chequers_serial_rivers_micro_c,
          guppyfry_shop_venom
D:8:      layout_basic, enter_bailey_2
D:9:      layout_basic
D:10:     layout_cave_pods, david_lair_generic, serial_bayou_pond_e,
          minmay_checkerbox, uniq_erica
D:11:     layout_roguey, serial_shops, shop_statue, nicolae_shop_clearance,
          uniq_psyche, uniq_sonja
Temple:   regret_index_temple_chain_breaker
Lair:1:   statuecave_lemuel, layout_loops_ring, gammafunk_ghost_icy,
          infiniplex_staircase_pool
Lair:2:   layout_gridlike, nicolae_spider_entry_tight_spaces
Lair:3:   layout_roguey, elwin_shoals_entry_rooms, kennysheep_abandoned_house,
          grunt_megastairs_3
Lair:4:   layout_hall_layers, gammafunk_ghost_grave
Lair:5:   layout_long_grid, nicolae_slime_entry_slimehenge, ldierk_geyser,
          nicolae_lair_lil_pond
Lair:6:   hangedman_lair_in_review, layout_regular_city,
          guppyfry_lair_end_dragon

Skill      XL: |  1  2  3  4  5  6  7  8  9 10 11 12 13 14 |
---------------+-------------------------------------------+-----
Conjurations   | 2 3 6 10 13 16 17 | 17.5
Air Magic      | 5 6 8 9 11 15 | 15.1
Spellcasting   | 5 7 10 12 | 12.0
Fighting       | 6 |  6.0
Dodging        | 6 9 |  9.0
Fire Magic     | 4 |  4.0
Stealth        | |  2.0

Action                   |  1- 3 |  4- 6 |  7- 9 | 10-12 | 13-15 || total
-------------------------+-------+-------+-------+-------+-------++-------
Melee: Unarmed           |     5 |       |       |       |       ||     5
       Hand axe          |       |       |       |     8 |     2 ||    10
       Kick              |       |       |       |     2 |     2 ||     4
       Peck              |       |       |       |     2 |     1 ||     3
 Cast: Shock             |    87 |   121 |   225 |   305 |   173 ||   911
       Airstrike         |       |       |    36 |    72 |    80 ||   188
       Swiftness         |       |       |     1 |     5 |       ||     6
       Conjure Ball Ligh |       |       |       |    14 |     5 ||    19
       Iskenderun's Batt |       |       |       |    26 |    25 ||    51
       Fireball          |       |       |       |    40 |    30 ||    70
       Orb of Destructio |       |       |       |       |     2 ||     2
Evoke: Wand              |       |       |       |     9 |     7 ||    16
  Use: Scroll            |       |       |    19 |     5 |     3 ||    27
       Potion            |       |       |       |     1 |     2 ||     3
Armor: Robe              |     6 |     1 |    25 |     9 |       ||    41
       Troll leather arm |       |       |       |    23 |    17 ||    40
Dodge: Dodged            |    15 |    11 |    68 |   113 |    73 ||   280
